 Dungeon Crawl Stone Soup version 0.31-a0-702-gf82c85558f (webtiles) character file.

Game seed: 15947808174377634181

130 qw the Shooter (level 5, -3/32 HPs)
             Began as a Gargoyle Hunter on Sept 8, 2023.
             Slain by an iguana (11 damage)
             ... on level 4 of the Dungeon.
             The game lasted 00:00:39 (1750 turns).

qw the Shooter (Gargoyle Hunter)                    Turns: 1750, Time: 00:00:40

Health: -3/32      AC: 10    Str: 14    XL:     5   Next: 13%
Magic:  5/5        EV: 10    Int: 10    God:
Gold:   155        SH:  0    Dex: 15    Spells: 4/4 levels left

rFire   + . .        Y - +0 shortbow (heavy)
rCold   . . .        (shield currently unavailable)
rNeg    + . .        f - +0 ring mail
rPois   inf          (no helmet)
rElec   +            (no cloak)
rCorr   .            (no gloves)
SInv    .            b - +0 pair of boots
Will    .....        c - amulet of faith
Stlth   +            h - ring of protection from fire
HPRegen 0.25/turn    (no ring)
MPRegen 0.09/turn

%: faith
@: about to teleport
A: sickness immunity, AC +4, negative energy resistance 1, electricity
resistance, torment resistance 1, petrification resistance
a: no special abilities


You were on level 4 of the Dungeon.
You visited 1 branch of the dungeon, and saw 4 of its levels.

You collected 155 gold pieces.


Innate Abilities, Weirdness & Mutations

You are immune to sickness and miasma.
Your stone body is resilient. (AC +4)
You are immune to poison.
You resist negative energy. (rN+)
You are resistant to electric shocks. (rElec)
You are resistant to unholy torment.
You are immune to petrification.


   Skills:
 - Level 3.0 Fighting
 + Level 5.8 Ranged Weapons
 - Level 1.1 Armour
 - Level 1.5 Dodging
 - Level 1.1 Stealth


You had 4 spell levels left.
You didn't know any spells.
Your spell library was empty.

Inventory:

Hand Weapons
 Y - a +0 heavy shortbow (weapon)
Armour
 b - a +0 pair of boots (worn)
 f - a +0 ring mail (worn)
 j - a +0 cloak
Jewellery
 c - an amulet of faith (around neck)
 h - a ring of protection from fire (left hand)
Scrolls
 a - 2 scrolls of identify
Potions
 d - a potion of brilliance {unknown}
 g - 2 potions of curing {unknown}
 i - 2 potions of haste

Dungeon Overview and Level Annotations

Branches:
Dungeon (4/15)             Temple (0/1) D:4

Altars:
Dithmenos

Portals:
Ossuary: D:4

Annotations:
D:3 1 runed translucent door, qw's ghost, amateur GrHu


Message History

g - 2 emerald potions (gained 1)
Found a mace.
You hear the slow hiss of a very distant avalanche of sand.
You see here a +0 mace.
An endoplasm comes into view.
The endoplasm quivers.
You shoot an arrow. The arrow hits the endoplasm!
You kill the endoplasm!
A goblin comes into view. It is wielding a +0 club.
The goblin shouts!
You shoot an arrow. The arrow closely misses the goblin.
You shoot an arrow. The arrow hits the goblin!
You kill the goblin!
You now have 155 gold pieces (gained 16).
You hear the slow hiss of a very distant avalanche of sand.
An iguana comes into view.
You shoot an arrow. The arrow hits the iguana.
The iguana hisses angrily.
The iguana is moderately wounded.
You shoot an arrow.
The arrow hits the iguana but does no damage.
The iguana is moderately wounded.
You shoot an arrow.
The arrow hits the iguana but does no damage.
The iguana is moderately wounded.
You shoot an arrow. The arrow closely misses the iguana.
The iguana bites you. x2
You shoot an arrow. The arrow barely misses the iguana.
The iguana bites you but does no damage.
You shoot an arrow.
The arrow hits the iguana but does no damage.
The iguana is moderately wounded.
The iguana bites you. The iguana closely misses you.
You shoot an arrow. The arrow barely misses the iguana.
The iguana bites you! x2
1750 ||| READING scroll of teleportation.
As you read the scroll of teleportation, it crumbles to dust.
You feel strangely unstable. The iguana bites you!
You die...

######### ......l.#
#@# #.##########
..######..........#
................#.#
.#
#.#############.#.#
.# #.#
########.#.### .#
###.#
##............# .#
...#
###...#####.#.#.#
.# # ###.###.....#
#.#.#.####


You could see an iguana.

Vanquished Creatures
  A sleepcap (D:3)
  5 adders
  2 dart slugs
  2 orcs
  9 ball pythons
  5 endoplasms
  4 giant cockroaches
  4 goblins
  6 hobgoblins
  5 kobolds
  A quokka (D:1)
  3 bats
  2 frilled lizards
  3 rats
52 creatures vanquished.

Notes
Turn   | Place    | Note
-------+----------+-------------------------------------------
     0 | D:1      | qw the Gargoyle Hunter began the quest for the Orb.
     0 | D:1      | Reached XP level 1. HP: 12/12 MP: 1/1
     0 | D:1      | 0 ||| qw: Version: 0.3-a-76-g4403597
     0 | D:1      | 0 ||| qw: Game counter: 980
     0 | D:1      | 0 ||| qw: Melee chars always use a shield: true
     0 | D:1      | 0 ||| qw: God list: Okawaru
     0 | D:1      | 0 ||| qw: Allow faded altars: false
     0 | D:1      | 0 ||| qw: Do Orc after clearing Dungeon:15 true
     0 | D:1      | 0 ||| qw: Do second Lair branch before Depths: true
     0 | D:1      | 0 ||| qw: Lair rune preference: random
     0 | D:1      | 0 ||| qw: Goals: Normal
     0 | D:1      | 0 ||| PLANNING D:1-11
   129 | D:1      | Reached XP level 2. HP: 17/17 MP: 2/2
   498 | D:1      | 498 ||| UPGRADING to ring of protection from fire.
   499 | D:1      | 499 ||| READING 3 scrolls labelled KAW ISHREIHAYPO.
   500 | D:1      | 500 ||| READING scroll labelled XINIMAWUCWU.
   501 | D:1      | 501 ||| READING scroll labelled TIAFAA UBEIDI.
   505 | D:1      | 505 ||| READING scroll labelled QAEFAI ETOMEMO.
   506 | D:1      | 506 ||| READING 2 scrolls of identify.
   506 | D:1      | 506 ||| IDENTIFYING yellow potion
   507 | D:1      | 507 ||| DROPPING scroll of butterflies.
   508 | D:1      | 508 ||| DROPPING potion of degeneration.
   602 | D:2      | Reached XP level 3. HP: 21/21 MP: 3/3
   736 | D:2      | Reached skill level 5 in Ranged Weapons
  1035 | D:2      | 1035 ||| UPGRADING to +0 pair of boots.
  1040 | D:2      | 1040 ||| UPGRADING to +0 ring mail.
  1050 | D:2      | 1050 ||| DROPPING +0 leather armour.
  1051 | D:2      | 1051 ||| READING scroll labelled BUDOPTEO HUMU.
  1052 | D:2      | 1052 ||| READING scroll labelled KIDDUBBIOQI.
  1096 | D:3      | Found a runed translucent door.
  1098 | D:3      | Noticed qw's ghost (amateur GrHu)
  1103 | D:3      | Reached skill level 1 in Armour
  1103 | D:3      | Reached XP level 4. HP: 27/27 MP: 4/4
  1112 | D:3      | Reached skill level 3 in Fighting
  1391 | D:3      | Reached XP level 5. HP: 32/32 MP: 5/5
  1399 | D:3      | Found a shadowy altar of Dithmenos.
  1506 | D:3      | 1506 ||| UPGRADING to amulet of faith.
  1511 | D:3      | 1511 ||| DRINKING 2 sedimented inky potions.
  1519 | D:4      | 1519 ||| PLANNING OSSUARY
  1537 | D:4      | Found a staircase to the Ecumenical Temple.
  1585 | D:4      | Found a sand-covered staircase.
  1749 | D:4      | HP: 8/32 [iguana (9)]
  1750 | D:4      | 1750 ||| READING scroll of teleportation.
  1750 | D:4      | Slain by an iguana

Levels and vault maps discovered:
D:1:      erik_arrival_orb_chamber, layout_loops_ring
D:2:      layout_basic, palyth_stone_intersect, dreamdust_princess_bridge
D:3:      layout_rooms, grunt_dithmenos_smoke, ebering_ghost_reflecting_pool,
          minmay_statues_item, hangedman_decor_opposing,
          hangedman_abyss_or_decor_stabs
D:4:      layout_loops_ring, lemuel_coloured_pillars_altar,
          minmay_temple_entry_purple_smoke,
          nicolae_ossuary_entry_false_entrances, minmay_bent

Skill      XL: |  1  2  3  4 |
---------------+-------------+-----
Ranged Weapons | 5 |  5.8
Armour         | 1 |  1.1
Fighting       | 3 |  3.0
Dodging        | |  1.5
Stealth        | |  1.1

Action                     |  1- 3 |  4- 6 || total
---------------------------+-------+-------++-------
   Fire: Shortbow          |    73 |    52 ||   125
    Use: Scroll            |     7 |     1 ||     8
         Potion            |       |     1 ||     1
 Armour: Leather armour    |     6 |       ||     6
         Ring mail         |       |    24 ||    24
  Dodge: Dodged            |    15 |    12 ||    27

Table legend:
 A = Non-vault XP
 B = Vault XP
 C = Vault XP percentage of total XP
 D = Non-vault monster count
 E = Vault monster count
 F = Vault count percentage of total count
                 A         B        C        D         E       F
            +---------+---------+-------+---------+---------+-------
      Total |     186 |       0 |   0.0 |      52 |       0 |   0.0
            +---------+---------+-------+---------+---------+-------
        D:1 |      27 |       0 |   0.0 |      16 |       0 |   0.0
        D:2 |      43 |       0 |   0.0 |      12 |       0 |   0.0
        D:3 |     107 |       0 |   0.0 |      20 |       0 |   0.0
        D:4 |       9 |       0 |   0.0 |       4 |       0 |   0.0
            +---------+---------+-------+---------+---------+-------
